 Dungeon Crawl Stone Soup version 0.28-a0-1292-gb4563b27b3 (webtiles) character file.

Game seed: 11903851209597048187

138 Conn the Firebug (level 5, -19/31 HPs)
             Began as an Octopode Fire Elementalist on Dec 27, 2021.
             Killed from afar by Ijyb (32 damage)
             ... with a bolt of acid
             ... on level 3 of the Dungeon.
             The game lasted 00:05:18 (2851 turns).

Conn the Firebug (Octopode Fire Elementalist)       Turns: 2851, Time: 00:05:19

Health: -19/31     AC:  1    Str:  8    XL:     5   Next: 21%
Magic:  1/9        EV: 13    Int: 25    God:
Gold:   88         SH:  0    Dex: 12    Spells: 9/10 levels left

rFire   . . .      SeeInvis +   i - +1 dagger (protect)
rCold   . . .      Faith    .   (no shield)
rNeg    . . .      Spirit   .   (helmet restricted)
rPois   .          Reflect  .   (no amulet)
rElec   .          Harm     .   a - ring of see invisible
rCorr   .          Rampage  .   k - +6 ring of intelligence
Will    .....                   (no ring)
Stlth   +++.......              (no ring)
HPRegen 0.10/turn               (no ring)
MPRegen 0.11/turn               (no ring)
                                (no ring)
                                (no ring)

@: no status effects
A: almost no armour, amphibious, 8 rings, camouflage 1, gelatinous body 1,
(nimble swimmer 1), tentacles
a: no special abilities


You were on level 3 of the Dungeon.
You visited 1 branch of the dungeon, and saw 3 of its levels.
You also visited: Sewer.

You collected 88 gold pieces.

Inventory:

Hand Weapons
 e - a +0 dagger
 i - a +1 dagger of protection (weapon)
Missiles
 f - 2 atropa-tipped darts
Jewellery
 a - a ring of see invisible (left tentacle)
 k - a +6 ring of intelligence (right tentacle)
Scrolls
 b - a scroll of amnesia {unknown}
 d - 2 scrolls of teleportation {unknown}
 m - a scroll of identify {unknown}
 p - a scroll of enchant armour {unknown}
Potions
 c - 2 potions of ambrosia {unknown}
 g - a potion of flight {unknown}
 h - 2 potions of mutation {unknown}
 j - a potion of degeneration {unknown}
 l - 2 potions of might {unknown}
 n - a potion of brilliance {unknown}
 o - a potion of invisibility {unknown}


   Skills:
 + Level 0.8 Short Blades
 + Level 2.4 Dodging
 + Level 3.2 Stealth
 + Level 3.1 Spellcasting
 + Level 2.0 Conjurations
 + Level 3.9 Fire Magic


You had 9 spell levels left.
You knew the following spells:

 Your Spells              Type           Power      Damage    Failure   Level
a - Foxfire               Conj/Fire      76%        2x1d7     3%          1

Your spell library contained the following spells:

 Spells                   Type           Power      Damage    Failure   Level
 Scorch                   Fire           46%        2d7       3%          2
 Conjure Flame            Conj/Fire      19%        6-21      9%          3
 Inner Flame              Hex/Fire       13%        N/A       13%         3
 Flame Wave               Conj/Fire      19%        2d5       28%         4


Dungeon Overview and Level Annotations

Branches:
Dungeon (3/15)              Sewer (visited)

Altars:
Dithmenos

Annotations:
D:3 Ijyb


Innate Abilities, Weirdness & Mutations

You cannot wear most types of armour.
You are amphibious.
You can wear up to eight rings at the same time.
Your skin changes colour to match your surroundings (Stealth+).
Your rubbery body absorbs attacks. (AC +1, EV +1)
((You are camouflaged when in or above water. (Stealth+)))
You have tentacles for arms and can constrict up to eight enemies at once.


Message History

Confirm with . or Enter, or press ? or * to list all spells.
You conjure some foxfire!
The foxfire hits Natasha.
Natasha is severely wounded.
The foxfire hits Natasha.
Natasha is almost dead.
Unknown command.
Casting: Foxfire (safe; 3% risk of failure)
Confirm with . or Enter, or press ? or * to list all spells.
You conjure some foxfire!
The foxfire hits Ijyb.
Ijyb is lightly wounded.
The foxfire hits Natasha.
You kill Natasha!
Natasha yowls pathetically as she dies!
The iron imp disappears in a puff of smoke!
The foxfire hits Ijyb but does no damage.
Ijyb is lightly wounded.
Your Stealth skill increases to level 3!
Casting: Foxfire (safe; 3% risk of failure)
Confirm with . or Enter, or press ? or * to list all spells.
You conjure some foxfire!
The foxfire hits Ijyb but does no damage.
Ijyb is lightly wounded.
The foxfire hits Ijyb.
Ijyb is moderately wounded.
Casting: Foxfire (safe; 3% risk of failure)
Confirm with . or Enter, or press ? or * to list all spells.
You conjure some foxfire!
The foxfire hits Ijyb but does no damage.
Ijyb is moderately wounded.
Ijyb zaps a wand.
The bolt of acid hits your foxfire!!! The bolt of acid hits you!
Casting: Foxfire (safe; 3% risk of failure)
Confirm with . or Enter, or press ? or * to list all spells.
You conjure some foxfire!
The foxfire hits Ijyb.
Ijyb is heavily wounded.
Ijyb zaps a wand.
The bolt of acid hits your foxfire!! The acid corrodes your foxfire!
The bolt of acid hits your foxfire!! The acid corrodes your foxfire!
The bolt of acid hits you!!
Ouch! That really hurt!
You die...

PP...###
#..PPPPPPP......
#.......PP..##.#
#...g...PP..##.#
..≈≈≈≈..PP..##.# ###
.....§v.PP..##.#####..
..._§≈.§PP.........#.#
.....§.§§...##.###.#.#
.....§v@§..^##.#
#.#.##
..###.§.§#####.#
#....## .....####
#.###.###.# #.####
#.##.## ##. #.#.## ##
#.#.# # ######.#.## ##
#.........## ##.
#..........###.#


You could see Ijyb (ally target).

Vanquished Creatures
  A hell rat (Sewer)
  Natasha (D:3)
  Robin (D:2)
  An adder (D:2)
  A river rat (Sewer)
  A worm (D:2)
  5 bats (D:1)
  7 endoplasms
  6 giant cockroaches
  8 goblins
  3 hobgoblins
  2 jackals
  A kobold (D:2)
  A quokka (D:1)
  3 ball pythons
  2 frilled lizards
  15 rats
59 creatures vanquished.

Vanquished Creatures (others)
  163 foxfires
163 creatures vanquished.

Grand Total: 222 creatures vanquished

Notes
Turn   | Place    | Note
-------+----------+-------------------------------------------
     0 | D:1      | Conn the Octopode Fire Elementalist began the quest for the
                  | Orb.
     0 | D:1      | Reached XP level 1. HP: 11/11 MP: 3/3
     1 | D:1      | Found a runed translucent door.
    43 | D:2      | Reached XP level 2. HP: 11/17 MP: 1/5
   650 | D:1      | Reached XP level 3. HP: 18/21 MP: 4/6
  1582 | D:2      | Found a faded altar of an unknown god.
  1857 | D:2      | Noticed Robin
  1894 | D:2      | Killed Robin
  1895 | D:2      | Reached XP level 4. HP: 19/27 MP: 0/7
  2390 | D:3      | Found a glowing drain.
  2443 | Sewer    | Entered a sewer
  2813 | D:3      | Reached XP level 5. HP: 31/31 MP: 9/9
  2840 | D:3      | Found a shadowy altar of Dithmenos.
  2841 | D:3      | Noticed Ijyb
  2842 | D:3      | Noticed Natasha
  2848 | D:3      | Killed Natasha
  2851 | D:3      | Killed from afar by Ijyb

Illustrated notes

Levels and vault maps discovered:
D:1:      dpeg_arrival_caged_fury, layout_basic
D:2:      layout_loops_ring, ebering_ecumenical_altar_rust, uniq_robin
D:3:      layout_loops_ring, mainiacjoe_overflow_chevrons,
          nicolae_overflow_crystal_walls, cheibrodos_sewer_entry_drain,
          hangedman_decor_diamond_cutter, minivault_19, uniq_grinder,
          uniq_natasha, uniq_ijyb

Skill      XL: |  1  2  3  4  5 |
---------------+----------------+-----
Conjurations   | 2 |  2.0
Spellcasting   | 3 |  3.1
Stealth        | 3 |  3.2
Short Blades   | |  0.8
Dodging        | |  2.4
Fire Magic     | |  3.9

Action                   |  1- 3 |  4- 6 || total
-------------------------+-------+-------++-------
Melee: Unarmed           |    26 |       ||    26
       Constrict         |     8 |     3 ||    11
       Tentacles         |     5 |     2 ||     7
       Dagger            |     6 |    12 ||    18
 Cast: Foxfire           |    63 |    34 ||    97
 Stab: Sleeping          |       |     3 ||     3
Armor: Skin              |     4 |     1 ||     5
Dodge: Dodged            |    33 |     7 ||    40

Table legend: (Time is in decaauts)
 A = Elapsed time spent in this place.
 B = Non-inter-level travel time spent in this place.
 C = Inter-level travel time spent in this place.
 D = Time resting spent in this place.
 E = Time spent auto-exploring this place.
 F = Levels seen in this place.
 G = Mean time per level.
                   A        B        C        D        E       F      G
               +--------+--------+--------+--------+--------+-----+--------+
         Total |   2849 |   2783 |     66 |    186 |   1968 |   4 |  712.2 |
       Dungeon |   2490 |   2424 |     66 |    186 |   1679 |   3 |  830.0 |
         Sewer |    359 |    359 |      0 |      0 |    289 |   1 |  359.0 |
               +--------+--------+--------+--------+--------+-----+--------+

Top non-repeatable levels by time:
     D:2: 1300 daAuts
     D:1: 1089 daAuts
   Sewer: 359 daAuts
     D:3: 100 daAuts
